 Dungeon Crawl Stone Soup version 0.22.0-38-g04b72b8 (webtiles) character file.

113 Greyaxe the Skirmisher (level 4, 0/63 HPs)
             Began as a Hill Orc Abyssal Knight on Aug 30, 2018.
             Was a Believer of Lugonu.
             Slain by a worker ant (4 damage)
             ... on level 4 of the Dungeon.
             The game lasted 00:13:08 (3498 turns).

Greyaxe the Skirmisher (Hill Orc Abyssal Knight)    Turns: 3498, Time: 00:13:09

Health: 0/63       AC:  5    Str: 20    XL:     4   Next: 96%
Magic:  5/5        EV: 11    Int: 12    God:    Lugonu [**....]
Gold:   162        SH:  0    Dex: 10    Spells: 0/3 levels left

rFire    . . .     SeeInvis .   a - +2 falchion
rCold    . . .     Gourm    .   (no shield)
rNeg     . . .     Faith    .   g - +0 ring mail
rPois    .         Spirit   .   (no helmet)
rElec    .         Reflect  .   (no cloak)
rCorr    .         Harm     .   (no gloves)
MR       .....                  (no boots)
Stlth    ..........             (no amulet)
HPRegen  0.20/turn              (no ring)
MPRegen  0.09/turn              (no ring)

@: berserking, lethally poisoned (0 -> -4), very quick
A: no striking features
a: Depart the Abyss, Bend Space, Renounce Religion


You were on level 4 of the Dungeon.
You worshipped Lugonu.
Lugonu was pleased with you.
You were not hungry.

You visited 1 branch of the dungeon, and saw 4 of its levels.
You visited the Abyss 1 time.

You collected 162 gold pieces.

Inventory:

Hand Weapons
 a - a +2 falchion (weapon)
Armour
 b - a +0 leather armour
 c - a +3 leather armour
 g - a +0 ring mail (worn)
 j - a +0 leather armour
 u - a +0 helmet
Scrolls
 d - a scroll of fog {unknown}
 f - 2 scrolls of teleportation
 h - a scroll of noise {unknown}
 m - 2 scrolls of identify
 o - a scroll of blinking {unknown}
 q - a scroll of amnesia {unknown}
 r - a scroll of enchant weapon
 v - a scroll of enchant armour {unknown}
 w - a scroll of remove curse {unknown}
Potions
 i - 4 potions of curing {unknown}
 k - a potion of mutation {unknown}
 l - 3 potions of brilliance {unknown}
 n - a potion of flight {unknown}
 p - a potion of degeneration {unknown}
 t - a potion of agility {unknown}
Comestibles
 s - 2 rations


   Skills:
 + Level 5.0 Fighting
 + Level 3.5 Long Blades
 + Level 2.8 Armour
 + Level 1.0 Dodging
 + Level 0.4 Spellcasting
 + Level 0.1 Summonings
 + Level 2.6 Invocations


You couldn't memorise any spells.
You knew the following spells:

 Your Spells              Type           Power        Failure   Level  Hunger
a - Animate Skeleton      Necr           N/A          47%         1    ##.....
b - Summon Small Mammal   Summ           #...         45%         1    ##.....
c - Apportation           Tloc           #.....       47%         1    ##.....

Your spell library contained the following spells:

 Spells                   Type           Power        Failure   Level  Hunger
 Confusing Touch          Hex            #.....       47%         1    ##.....


Dungeon Overview and Level Annotations

Branches:
Dungeon (4/15)
 Temple: D:4-7

Altars:
Ashenzari
Nemelex Xobeh
Uskayaw
Yredelemnul


Message History

A red film seems to cover your vision as you go berserk!
You feel yourself moving faster!
You feel mighty!
* * * LOW HITPOINT WARNING * * *
You feel sick. The gnoll closely misses you. The worker ant misses you.
You barely miss the worker ant.
* * * LOW HITPOINT WARNING * * *
You feel sick. The gnoll closely misses you. The gnoll hits you.
* * * LOW HITPOINT WARNING * * *
The worker ant barely misses you.
You closely miss the worker ant. The gnoll closely misses you.
The gnoll barely misses you.
You riposte.
You hit the gnoll.
The gnoll is moderately wounded.
You hit the worker ant.
The worker ant is moderately wounded.
* * * LOW HITPOINT WARNING * * *
You feel sick. The worker ant closely misses you.
You slash the worker ant!
The worker ant is almost dead.
The worker ant bites you.
You die...

.###......##
...........###.
..#...........>
...#..##.##..##$#
........<# ..#
#.##..##.# ..#
#.##. #.##..##..
......##g#g......
#......?.@al.....
####.######g.####
.# #


You could see an iguana, a worker ant and 3 gnolls.

Vanquished Creatures
  Jessica (D:3)
  2 adders (D:3)
  A gnoll (D:4)
  3 dart slugs
  2 leopard geckos (D:2)
  A giant cockroach (D:1)
  3 goblins
  5 hobgoblins
  10 kobolds
  8 bats
  3 frilled lizards (D:2)
  2 gnoll zombies (D:3)
  10 rats
  A bush (D:2)
  A plant (D:2)
53 creatures vanquished.

Vanquished Creatures (collateral kills)
  A dart slug (D:3)
  A goblin (D:3)
  A frilled lizard (D:3)
3 creatures vanquished.

Vanquished Creatures (others)
  A plant (D:2)
1 creature vanquished.

Grand Total: 57 creatures vanquished

Notes
Turn   | Place    | Note
-------+----------+-------------------------------------------
     0 | Abyss:1  | Greyaxe the Hill Orc Abyssal Knight began the quest for the Orb.
     0 | Abyss:1  | Reached XP level 1. HP: 19/19 MP: 2/2
     1 | D:1      | Escaped the Abyss
    34 | D:1      | Reached * piety under Lugonu
   275 | D:1      | Reached XP level 2. HP: 20/27 MP: 3/3
   766 | D:2      | Reached skill level 4 in Fighting
   971 | D:2      | Reached XP level 3. HP: 9/33 MP: 4/4
  1060 | D:2      | Found a hide-covered altar of Uskayaw.
  1060 | D:2      | Found a shattered altar of Ashenzari.
  1153 | D:2      | Reached skill level 1 in Dodging
  1831 | D:2      | Learned a level 1 spell: Animate Skeleton
  1844 | D:2      | Found a sparkling altar of Nemelex Xobeh.
  2111 | D:2      | Learned a level 1 spell: Summon Small Mammal
  2376 | D:3      | Reached XP level 4. HP: 34/41 MP: 5/5
  2457 | D:3      | Learned a level 1 spell: Apportation
  2803 | D:3      | Reached ** piety under Lugonu
  2876 | D:3      | Noticed Jessica
  2884 | D:3      | Killed Jessica
  2884 | D:3      | Reached skill level 5 in Fighting
  3378 | D:3      | Found a basalt altar of Yredelemnul.
  3497 | D:4      | HP: 3/63 [poisoned by a worker ant]
  3498 | D:4      | Slain by a worker ant

Skill      XL: |  1  2  3  4 |
---------------+-------------+-----
Fighting       | 4 5 |  5.0
Dodging        | 1 |  1.0
Long Blades    | 3 |  3.5
Armour         | |  2.8
Spellcasting   | |  0.4
Summonings     | |  0.1
Invocations    | |  2.6

Action                   |  1- 3 |  4- 6 || total
-------------------------+-------+-------++-------
Melee: Falchion          |   330 |    41 ||   371
 Cast: Summon Small Mamm |     2 |     1 ||     3
       Animate Skeleton  |     1 |     3 ||     4
Invok: Depart the Abyss  |     1 |       ||     1
  Use: Scroll            |     3 |       ||     3
       Potion            |       |     1 ||     1
  Eat: Ration            |     2 |     1 ||     3
Armor: Leather armour    |    34 |       ||    34
       Ring mail         |    16 |    16 ||    32
Dodge: Dodged            |    78 |    36 ||   114
       Rpst.: Falchion   |    29 |    13 ||    42
